Match 45279154
Unlisted

Match 45279154
End
Kettenkrad Recon Vehicle
Construct Infanterie Kompanie
Selects Mechanized Battlegroup
Selects Mechanized Battlegroup
MG 42 Machine Gun Team
Grenadier Squad
MG 42 Machine Gun Team
Construct Panzergrenadier Kompanie
Panzergrenadier Squad
Selects Mobile Repair Stations
Medical Station
251 Medium Carrier
Panzergrenadier Squad
Pak 40 Anti-tank Gun Team
MG 42 Bunker
Panzergrenadier Officer Quarters
Selects Wespe Self-propelled Artillery
Wespe Self-propelled Artillery
Wespe Self-propelled Artillery
Selects Raid Package
Panzergrenadier Squad
Pioneer Squad
Panzergrenadier Squad
Medical Bunker
Pak 40 Anti-tank Gun Team
Construct Panzer Kompanie
Selects 8 Rad Armored Car
Wespe Self-propelled Artillery
Pak 40 Anti-tank Gun Team
Wespe Self-propelled Artillery
Pioneer Squad
Selects Panther Heavy Tank
Panther Heavy Tank
【POW】游骑
我真的不是驴
人老打不动游戏了
Deutsche Eiche
VvvV
B Ranked Aura Farmer
我不會說中文
Zannen
0
0

Comments sign in to comment!

No comments posted yet!